 Dungeon Crawl Stone Soup version 0.22-a0-369-gc73351f (webtiles) character file.

114232 Firecrotchwizard the Brawler (level 16, -3/92 HPs)
             Began as a Vine Stalker Gladiator on Apr 22, 2018.
             Was the Champion of Ru.
             Hit by a tomahawk thrown by a merfolk (11 damage)
             ... on level 4 of the Shoals on Apr 25, 2018.
             The game lasted 01:12:30 (26464 turns).

Firecrotchwizard the Brawler (VSGl)                Turns: 26464, Time: 01:12:31

Health: -3/92      AC: 26    Str: 22    XL:     16   Next: 65%
Magic:  0/21       EV: 13    Int:  3    God:    Ru [******]
Gold:   2756       SH:  0    Dex: 18    Spells: 15/15 levels left

rFire    . . .     SeeInvis .     - Unarmed
rCold    . . .     Gourm    .   (shield unavailable)
rNeg     . . .     Faith    .   X - +2 plate armour {MR+}
rPois    .         Spirit   +   b - +0 helmet
rElec    .         Reflect  .   g - +2 cloak
rCorr    .         Harm     .   E - +0 pair of gloves
MR       ++...                  Q - +2 pair of boots
Stlth    ..........             N - amulet of magic regeneration {@e1}
HPRegen  1.05/turn              (ring unavailable)
MPRegen  0.42/turn              J - -5 ring of intelligence (curse)

@: lethally poisoned (-3 -> -4), exhausted, no potions
A: fangs 3, regeneration 2, magic shield, antimagic bite, no potion heal 3, rot
immunity, inability to drink while threatened, missing a hand, no poison magic,
no translocations magic, no transmutations magic, magic vulnerability 1
a: Draw Out Power, Power Leap, Apocalypse, Renounce Religion


You were on level 4 of the Shoals.
You worshipped Ru.
Ru was exalted by your worship.
You were not hungry.

You visited 4 branches of the dungeon, and saw 27 of its levels.
You also visited: Labyrinth and Ice Cave.

You collected 3086 gold pieces.
You spent 330 gold pieces at shops.

Inventory:

Hand Weapons
 y - the +7 hunting sling "Muphaopha" {freeze, *Slow rN+ MR+++ Int-2}
   (You found it on level 2 of the Shoals)

   It causes projectiles fired from it to freeze those they strike, causing
   extra injury to most foes and up to half again as much damage against
   particularly susceptible opponents.
   They can also slow down cold-blooded creatures.
   It affects your intelligence (-2).
   It protects you from negative energy.
   It affects your resistance to hostile enchantments.
   It may slow you when you take damage.
Missiles
 c - 4 throwing nets {=f, !d}
Armour
 b - a +0 helmet (worn)
 g - a +2 cloak (worn)
   (You found it on level 4 of the Dungeon)
 E - a +0 pair of gloves (worn)
   (You found it on level 6 of the Dungeon)
 Q - a +2 pair of boots (worn)
   (You found it on level 3 of the Lair of Beasts)
 X - a +2 plate armour of magic resistance (worn)
   (You found it on level 6 of the Lair of Beasts)
Jewellery
 f - the ring "Woaruewn" {+Fly rPois rF+}
   (You took it off a minotaur in a labyrinth)

   [ring of protection from fire]

   It protects you from fire.
   It protects you from poison.
   It lets you fly.
 j - an uncursed ring of positive energy {rN+}
   (You found it on level 9 of the Dungeon)
 l - an uncursed ring of protection from fire {rF+, !d}
   (You found it on level 2 of the Dungeon)
 u - an uncursed ring of protection from magic {MR+, !d}
   (You found it on level 1 of the Lair of Beasts)
 D - a cursed -2 ring of evasion
   (You found it on level 2 of the Shoals)
 H - a +6 ring of evasion
   (You found it on level 7 of the Dungeon)
 J - a cursed -5 ring of intelligence (right hand)
   (You found it on level 2 of the Shoals)
 M - an uncursed ring of protection from cold {rC+, !d}
   (You found it on level 11 of the Dungeon)
 N - an amulet of magic regeneration (around neck) {@e1}
   (You found it on level 12 of the Dungeon)
 R - an uncursed ring of resist corrosion
   (You found it in a labyrinth)
 U - the ring "Beraegug" {+Inv rC- Dex+3 SInv}
   (You found it in a labyrinth)

   [ring of see invisible]

   It affects your dexterity (+3).
   It makes you vulnerable to cold.
   It lets you see invisible.
   It lets you turn invisible.
Wands
 m - a wand of iceblast (42)
   (You found it on level 2 of the Dungeon)
 v - a wand of disintegration (12) {@e1}
   (You took it off a centaur on level 2 of the Orcish Mines)
 w - a wand of paralysis (10)
   (You found it on level 1 of the Shoals)
 A - a wand of random effects (46)
   (You found it on level 2 of the Shoals)
 C - a wand of acid (5)
   (You found it on level 4 of the Lair of Beasts)
Scrolls
 a - 5 scrolls of remove curse
 e - 8 scrolls of magic mapping {!r}
 i - 10 scrolls of teleportation
 B - 2 scrolls of fear
 F - 5 scrolls of identify
 G - 4 scrolls of enchant weapon
 I - 3 scrolls of fog
 K - 2 scrolls of vulnerability {!r!r}
 P - a scroll of blinking {!r}
 S - 6 scrolls of amnesia
Potions
 h - a potion of resistance {unknown}
 k - 3 potions of agility
 n - 6 potions of haste
 p - 6 potions of lignification {!q}
 q - 2 potions of might
 r - 4 potions of magic
 s - 8 potions of curing
 t - 4 potions of invisibility
 x - a potion of cancellation {unknown}
 z - 4 potions of brilliance
 L - 3 potions of mutation {unknown}
 Z - 3 potions of flight {unknown}
Miscellaneous
 Y - a lamp of fire (inert)
   (You found it on level 6 of the Lair of Beasts)
Comestibles
 d - 41 rations {@e1}


   Skills:
 + Level 13.8 Fighting
 - Level 1.7 Throwing
 + Level 10.3 Armour
 + Level 10.9 Dodging
 + Level 16.4 Unarmed Combat
 - Level 6.2 Evocations


You had 15 spell levels left.
You didn't know any spells.

Dungeon Overview and Level Annotations

Branches:
Dungeon (15/15)            Temple (0/1) D:5            Lair (6/6) D:11
 Shoals (4/4) Lair:3        Snake (0/4) Lair:2        Slime (0/5) Lair:5
    Orc (2/2) D:9             Elf (0/3) Orc:2        Vaults (0/5) D:14
 Depths: D:15

Altars:
Ashenzari
Cheibriados
Dithmenos
Elyvilon
Gozag
Hepliaklqana
Makhleb
Nemelex Xobeh
Okawaru
Qazlal
Ru
Sif Muna
Uskayaw
Xom
Yredelemnul
The Shining One
Beogh
Jiyva

Shops:
D:5 ?   D:8 :   D:12 *   D:13 *   D:14 %   Orc:2 %*(*   Shoals:1 *(

Annotations:
D:4 1 runed door


Innate Abilities, Weirdness & Mutations

You have razor-sharp teeth.
You heal very quickly.
When hurt, damage is shared between your health and your magic reserves.
Your bite disrupts and absorbs the magic of your enemies.
Potions cannot restore your health.
You are immune to rotting.
You cannot drink potions while threatened.
You are missing a hand.
You cannot study or cast Poison magic.
You cannot study or cast Translocations magic.
You cannot study or cast Transmutations magic.
You are slightly vulnerable to magic. (MR-)


Message History

The manticore closely misses you. x2
The manticore claws you but does no damage.
The wind drake begins to attack, but is stunned by your will!
You take 1 damage, and have 52/92 hp.
You hit the manticore. You bite the manticore. You drain its power.
You feel invigorated.
You feel sick.
The harpy claws you but does no damage. x2
The merfolk siren chants a haunting song.
You resist with almost no effort. The water nymph touches you.
The water nymph drowns you!
You focus your will and blind the water nymph in retribution!
The merfolk closely misses you.
The manticore is engulfed in blazing flames.
The manticore bites you but does no damage.
The manticore claws you but does no damage. x2
The snapping turtle is engulfed in blazing flames.
The snapping turtle completely misses you.
You take 10 damage, and have 42/92 hp.
You pummel the manticore!!
You kill the manticore!
You carefully extract the barbed spikes from your body.
Your surroundings suddenly seem different.
You feel sick.
A merfolk impaler comes into view. It is wielding a trident.
The merfolk impaler shouts!
A merfolk comes into view. It is wielding a trident.
The merfolk shouts! 2 merfolk come into view.
You feel sick.
The merfolk shouts! x2; You hear a shout!
The merfolk throws a tomahawk.
The tomahawk hits you!
You feel threatened and lose the ability to drink potions!
A merfolk comes into view. It is wielding a trident.
You see here a tomahawk.
You take 9 damage, and have 33/92 hp.
You now have 8/21 mp.
You feel sick.
The merfolk hits you but does no damage.
The merfolk is stunned by your will and fails to attack.
The merfolk throws a tomahawk.
The tomahawk hits you but does no damage.
You see here a tomahawk.
A snapping turtle comes into view.
You feel sick.
The snapping turtle hisses angrily.
The merfolk impaler barely misses you. The merfolk hits you with a trident.
The merfolk hits you from afar with an enchanted spear.
The merfolk impaler barely misses you.
You take 1 damage, and have 32/92 hp.
You now have 7/21 mp.
You closely miss the merfolk impaler.
You feel sick.
The merfolk hits you from afar with an enchanted spear.
The merfolk barely misses you.
The merfolk throws a tomahawk.
The tomahawk hits you but does no damage.
The merfolk impaler completely misses you.
You take 4 damage, and have 28/92 hp.
You now have 6/21 mp.
You miss the merfolk impaler. Your bite misses the merfolk impaler.
You feel sick.
The merfolk impaler hits you but does no damage.
You punch the merfolk impaler!
The merfolk hits you but does no damage.
The merfolk barely misses you.
The merfolk hits you from afar with a trident.
* * * LOW HITPOINT WARNING * * *
You focus your will and blind the merfolk in retribution!
The merfolk impaler hits you but does no damage.
You take 3 damage, and have 25/92 hp.
You now have 6/21 mp.
You're too exhausted to draw out your power.
You pummel the merfolk!! Your bite misses the merfolk.
You feel sick.
The merfolk impaler hits you with a trident.
* * * LOW HITPOINT WARNING * * *
The merfolk hits you but does no damage. x3
You take 1 damage, and have 24/92 hp.
You pummel the merfolk impaler!! Your bite misses the merfolk impaler.
The merfolk impaler hits you but does no damage.
The merfolk hits you but does no damage.
You closely miss the merfolk impaler.
You feel sick.
The merfolk hits you from afar with a spear!
* * * LOW HITPOINT WARNING * * *
You focus your will and slow the merfolk in retribution!
The merfolk throws a tomahawk.
The tomahawk closely misses the merfolk impaler.
The tomahawk completely misses you. The merfolk misses you.
You redirect the merfolk impaler's attack!
The merfolk impaler barely misses the merfolk.
You take 11 damage, and have 14/92 hp.
You now have 4/21 mp.
You completely miss the merfolk impaler.
Your bite misses the merfolk impaler.
The merfolk impaler hits you with a trident.
* * * LOW HITPOINT WARNING * * *
The merfolk closely misses you.
The merfolk throws a tomahawk.
The tomahawk hits the merfolk impaler!
The merfolk hits you with a trident!
* * * LOW HITPOINT WARNING * * *
The merfolk hits you but does no damage.
You take 7 damage, and have 7/92 hp.
You now have 1/21 mp.
You pummel the merfolk impaler!! Your bite misses the merfolk impaler.
You feel sick. The merfolk impaler closely misses you.
The merfolk hits you but does no damage.
You barely miss the merfolk impaler. Your bite misses the merfolk impaler.
The merfolk throws a tomahawk.
The tomahawk misses the merfolk impaler.
The tomahawk hits you!
You die...

≈≈≈≈...........
≈≈≈≈...........
≈≈≈≈...........$
≈≈≈≈.............
≈≈≈≈..m..........
≈≈≈..m.mt........
≈≈≈(...m.........
≈≈≈....@m........
≈≈≈....(....%....
≈≈≈.....(........
≈≈≈..............
≈≈≈......(....m..
≈≈≈≈......≈..........≈≈≈
≈≈≈≈......≈≈............
≈≈≈≈.....≈≈≈............
≈≈≈≈....≈≈≈≈≈...........


You could see a merfolk impaler, a snapping turtle and 5 merfolk.

Vanquished Creatures
  Rupert (D:12)
  Kirke (Shoals:1)
  A frost giant (IceCv)
  An orc warlord (Orc:1)
  A minotaur (Lab)
  2 merfolk javelineers (Shoals:2)
  2 merfolk impalers
  2 vault guards (D:14)
  2 catoblepae (Lair:6)
  3 hydras
  An alligator snapping turtle (Shoals:2)
  A merfolk aquamancer (Shoals:2)
  An ogre mage (D:14)
  A merfolk avatar (Shoals:3)
  5 centaur warriors
  A two-headed ogre (D:10)
  9 death yaks
  A satyr (Shoals:4)
  A tengu warrior (D:14)
  A wizard (D:14)
  An unseen horror (D:10)
  8 sea snakes
  15 harpies
  3 orc knights
  3 necromancers (D:14)
  10 fauns
  14 manticores
  6 cyclopes
  6 merfolk sirens
  14 elephants
  2 water nymphs (Shoals:2)
  A black mamba (Lair:3)
  An ice statue (IceCv)
  A torpor snail (Lair:4)
  3 gargoyles
  9 komodo dragons
  The ghost of killer11drew the Conjurer, a novice DrAE of Yredelemnul (D:6)
  4 rime drakes
  5 spiny frogs
  An efreet (D:14)
  7 merfolk
  3 meliai
  2 trolls
  Grinder (D:4)
  A hornet (D:11)
  3 slime creatures (D:12)
  13 blink frogs
  19 polar bears
  4 snapping turtles
  A hornet (shapeshifter) (D:13)
  3 wind drakes
  4 dream sheep
  13 hippogriffs
  A spriggan (D:7)
  A vampire (D:14)
  3 water elementals
  61 yaks
  4 wyverns
  4 basilisks
  A hog (Shoals:1)
  18 humans (D:14)
  A hungry ghost (D:9)
  3 wargs
  3 vampire mosquitoes (D:13)
  A soldier ant (D:14)
  An acid dragon (D:14)
  7 water moccasins
  A swamp drake (D:11)
  51 orc warriors
  6 porcupines
  2 eyes of draining
  5 ice beasts
  3 sky beasts
  4 black bears
  15 ogres
  2 phantoms (D:8)
  18 centaurs
  25 wolves
  4 boggarts (Lair:5)
  9 crocodiles
  The ghost of ProzacElf the Magician, an amateur HuWz of Vehumet (D:4)
  2 big kobolds
  19 bullfrogs
  6 scorpions
  A wyvern skeleton (D:11)
  2 electric eels (Lair:3)
  5 wights (D:12)
  7 howler monkeys
  9 crimson imps
  2 centaur zombies
  2 quasits
  5 hounds
  27 orc priests
  A jelly (D:6)
  4 bullfrog zombies
  A human zombie (D:4)
  3 bullfrog skeletons
  2 centaur skeletons
  29 orc wizards
  An iron imp (D:6)
  4 iguanas
  Natasha (twice) (D:2)
  4 worker ants
  A worker ant zombie (D:6)
  A howler monkey skeleton (D:6)
  10 adders
  3 gnolls (D:5)
  4 shadow imps
  2 oozes (D:1)
  An adder skeleton (D:6)
  A worm (D:2)
  5 dart slugs
  4 leopard geckos
  116 orcs
  2 ball pythons
  7 giant cockroaches
  6 hobgoblins
  14 jackals
  19 kobolds
  2 quokkas
  2 bats (D:2)
  7 frilled lizards
  A giant cockroach zombie (D:6)
  4 goblins
  A leopard gecko zombie (D:9)
  9 rats
  A plant (Lair:6)
836 creatures vanquished.

Vanquished Creatures (others)
  A catoblepas (Lair:6)
  A death yak (Lair:6)
  An orc sorcerer (Orc:2)
  A water nymph (Shoals:2)
  A yaktaur (D:14)
  A polar bear (Lair:4)
  A snapping turtle (Shoals:3)
  A yak (IceCv)
  A human (Shoals:1)
  2 vampire mosquitoes
  2 orc warriors
  4 orc wizards
  5 orcs
  A jackal (D:11)
  2 fungi
  8 plants
33 creatures vanquished.

Grand Total: 869 creatures vanquished

Notes
Turn   | Place    | Note
-------+----------+-------------------------------------------
     0 | D:1      | Firecrotchwizard the Vine Stalker Gladiator began the quest for the Orb.
     0 | D:1      | Reached XP level 1. HP: 11/11 MP: 2/2
    25 | D:1      | HP: 2/11 [dart slug/slug dart (3)]
   315 | D:1      | Reached skill level 2 in Fighting
   315 | D:1      | Reached XP level 2. HP: 15/15 MP: 3/3
   484 | D:1      | Reached XP level 3. HP: 18/18 MP: 4/4
   955 | D:2      | Found a hide-covered altar of Uskayaw.
   956 | D:2      | Noticed a dagger
   956 | D:2      | Noticed a dagger
  1286 | D:2      | Found a shadowy altar of Dithmenos.
  1422 | D:2      | Found a shimmering altar of Xom.
  1757 | D:2      | Noticed Natasha
  1768 | D:2      | Killed Natasha
  1768 | D:2      | Reached skill level 4 in Unarmed Combat
  1768 | D:2      | Gained mutation: Your natural rate of healing is unusually fast. [Vine Stalker growth]
  1768 | D:2      | Reached XP level 4. HP: 23/23 MP: 5/5
  1896 | D:2      | Reached skill level 3 in Dodging
  1930 | D:2      | Noticed Natasha
  1941 | D:2      | Killed Natasha
  2229 | D:3      | Reached XP level 5. HP: 25/27 MP: 6/6
  2402 | D:3      | HP: 6/28 [orc wizard/magic dart (4)]
  2403 | D:3      | Reached skill level 3 in Fighting
  2405 | D:3      | Reached skill level 5 in Unarmed Combat
  2581 | D:3      | Found a white marble altar of Elyvilon.
  2585 | D:3      | Reached XP level 6. HP: 31/32 MP: 7/7
  2602 | D:3      | Found a deep blue altar of Sif Muna.
  2616 | D:3      | Found a hazy altar of Hepliaklqana.
  2619 | D:3      | Found a sacrificial altar of Ru.
  2623 | D:3      | Became a worshipper of Ru the Awakened
  2765 | D:3      | Found a shattered altar of Ashenzari.
  3181 | D:4      | Found a runed door.
  3181 | D:4      | Noticed a human
  3194 | D:4      | Reached skill level 1 in Shields
  3200 | D:4      | Reached XP level 7. HP: 37/37 MP: 8/8
  3216 | D:4      | Found a basalt altar of Yredelemnul.
  3318 | D:4      | Reached skill level 6 in Unarmed Combat
  3367 | D:4      | Noticed ProzacElf's ghost (amateur HuWz)
  3376 | D:4      | Killed ProzacElf's ghost
  3376 | D:4      | Reached skill level 4 in Fighting
  3376 | D:4      | Reached skill level 2 in Shields
  3377 | D:4      | Noticed Grinder
  3384 | D:4      | Killed Grinder
  3384 | D:4      | Reached skill level 7 in Unarmed Combat
  3384 | D:4      | Gained mutation: You have razor-sharp teeth. [Vine Stalker growth]
  3384 | D:4      | Reached XP level 8. HP: 32/42 MP: 6/9
  3492 | D:4      | Got a dazzling leather armour
  3493 | D:4      | Identified the cursed +1 leather armour "Faphab" {Stlth+} (You found it on level 4 of the Dungeon)
  3673 | D:5      | Entered Level 5 of the Dungeon
  3673 | D:5      | Found Mogaiga's Magic Scroll Boutique.
  3680 | D:5      | Bought a scroll of teleportation for 39 gold pieces
  3680 | D:5      | Bought a scroll of enchant armour for 97 gold pieces
  3691 | D:5      | Reached skill level 3 in Shields
  3740 | D:5      | HP: 8/42 [orc wizard/magic dart (9)]
  3755 | D:5      | HP: 10/42 [orc wizard/dagger (2)]
  3877 | D:5      | Gained mutation: You are missing a hand. [Ru sacrifice]
  3877 | D:5      | Reduced skill Shields to level 0
  3877 | D:5      | Reached * piety under Ru
  3877 | D:5      | Reached ** piety under Ru
  3877 | D:5      | Reached *** piety under Ru
  4032 | D:5      | Reached skill level 5 in Fighting
  4074 | D:5      | Reached skill level 8 in Unarmed Combat
  4198 | D:5      | Found a staircase to the Ecumenical Temple.
  4472 | D:5      | Found a stormy altar of Qazlal.
  4707 | D:6      | Reached XP level 9. HP: 47/47 MP: 10/10
  4720 | D:6      | Reached skill level 9 in Unarmed Combat
  4796 | D:6      | Found a sparkling altar of Nemelex Xobeh.
  4797 | D:6      | Found an opulent altar of Gozag.
  5290 | D:6      | Found a snail-covered altar of Cheibriados.
  5304 | D:6      | Noticed killer11drew's ghost (novice DrAE)
  5323 | D:6      | Killed killer11drew's ghost
  5323 | D:6      | Reached skill level 6 in Fighting
  5437 | D:7      | Found an iron altar of Okawaru.
  5449 | D:7      | Found a snail-covered altar of Cheibriados.
  5590 | D:7      | Found an iron altar of Okawaru.
  5612 | D:7      | Reached skill level 1 in Armour
  5716 | D:7      | Gained mutation: You cannot study or cast Poison magic. [Ru sacrifice]
  5716 | D:7      | Gained mutation: You cannot study or cast Transmutations magic. [Ru sacrifice]
  5716 | D:7      | Gained mutation: You cannot study or cast Translocations magic. [Ru sacrifice]
  5716 | D:7      | Reached **** piety under Ru
  5806 | D:7      | Reached skill level 10 in Unarmed Combat
  6183 | D:8      | Reached skill level 4 in Dodging
  6187 | D:8      | Reached skill level 2 in Armour
  6245 | D:8      | Reached XP level 10. HP: 53/53 MP: 11/11
  6279 | D:8      | Found a sacrificial altar of Ru.
  6294 | D:8      | Reached skill level 7 in Fighting
  6425 | D:8      | Found Dycwogoe's Book Shoppe.
  6534 | D:8      | Reached skill level 3 in Armour
  6570 | D:8      | Noticed a two-headed ogre
  7219 | D:9      | Reached skill level 5 in Dodging
  7342 | D:9      | You fall through a shaft for 2 floors!
  7342 | D:11     | Noticed a gargoyle
  7353 | D:11     | Killed a gargoyle
  7562 | D:11     | Noticed a cyclops
  7571 | D:11     | Killed a cyclops
  7660 | D:11     | Found a frozen archway.
  7672 | D:11     | Reached skill level 4 in Armour
  7679 | D:11     | Reached skill level 11 in Unarmed Combat
  7687 | D:11     | Reached XP level 11. HP: 56/60 MP: 12/12
  7694 | D:11     | Reached skill level 8 in Fighting
  7728 | IceCv    | Entered an ice cave
  7814 | IceCv    | Reached skill level 6 in Dodging
  7960 | IceCv    | Reached skill level 5 in Armour
  8554 | IceCv    | Noticed a death yak
  8554 | IceCv    | Noticed a death yak
  8580 | IceCv    | Killed a death yak
  8580 | IceCv    | Reached skill level 9 in Fighting
  8634 | IceCv    | Reached skill level 7 in Dodging
  8638 | IceCv    | Killed a death yak
  8638 | IceCv    | Reached skill level 6 in Armour
  8638 | IceCv    | Gained mutation: You heal very quickly. [Vine Stalker growth]
  8638 | IceCv    | Reached XP level 12. HP: 22/66 MP: 10/13
  8645 | IceCv    | Reached skill level 12 in Unarmed Combat
  8780 | IceCv    | Noticed a frost giant
  8813 | IceCv    | Killed a frost giant
  8818 | IceCv    | HP: 16/67 [polar bear (1)]
  8896 | IceCv    | Identified the Grimoire of Poisoning
  9254 | D:11     | Found a staircase to the Lair.
  9461 | D:10     | Entered Level 10 of the Dungeon
  9629 | D:10     | Noticed a two-headed ogre
  9636 | D:10     | Killed a two-headed ogre
  9636 | D:10     | Reached skill level 7 in Armour
  9651 | D:10     | Reached skill level 8 in Dodging
  9729 | D:9      | Reached skill level 10 in Fighting
  9816 | D:9      | Found a staircase to the Orcish Mines.
 10441 | D:11     | Noticed a catoblepas
 11030 | Lair:1   | Entered Level 1 of the Lair of Beasts
 11320 | Lair:1   | Noticed a four-headed hydra
 11324 | Lair:1   | Reached XP level 13. HP: 66/72 MP: 14/14
 11595 | Lair:1   | Reached skill level 13 in Unarmed Combat
 12053 | Lair:2   | Found a staircase to the Snake Pit.
 12705 | Lair:2   | Gained mutation: You are slightly vulnerable to magic. (MR-) [Ru sacrifice]
 12705 | Lair:2   | Reached ***** piety under Ru
 12787 | Lair:3   | Found a staircase to the Shoals.
 12961 | Lair:3   | Reached skill level 8 in Armour
 13453 | Lair:3   | Reached skill level 9 in Dodging
 13820 | Lair:4   | Found a labyrinth entrance.
 13836 | Lab      | Entered a labyrinth
 13907 | Lab      | Noticed a minotaur
 13918 | Lab      | Killed a minotaur
 13920 | Lab      | Got a slimy ivory ring
 13933 | Lab      | Got a shimmering bone ring
 13989 | Lair:4   | Identified the ring "Beraegug" {+Inv rC- Dex+3 SInv} (You found it in a labyrinth)
 13991 | Lair:4   | Identified the ring "Woaruewn" {+Fly rPois rF+} (You took it off a minotaur in a labyrinth)
 14118 | Lair:4   | Reached skill level 1 in Evocations
 14132 | Lair:4   | Reached skill level 11 in Fighting
 14184 | Lair:4   | Reached skill level 2 in Evocations
 14212 | Lair:4   | Got a jewelled short sword
 14333 | Lair:4   | Reached skill level 14 in Unarmed Combat
 14790 | Lair:4   | Reached XP level 14. HP: 79/79 MP: 15/17
 15078 | Lair:5   | Reached skill level 3 in Evocations
 15549 | Lair:5   | Found a viscous altar of Jiyva.
 15551 | Lair:5   | Found a staircase to the Slime Pits.
 15896 | Lair:5   | Reached skill level 4 in Evocations
 16173 | Lair:6   | Entered Level 6 of the Lair of Beasts
 17084 | Lair:6   | Reached skill level 5 in Evocations
 17312 | Lair:6   | Reached skill level 12 in Fighting
 17976 | D:12     | Noticed Rupert
 17977 | D:12     | Paralysed by Rupert for 7 turns
 18002 | D:12     | Killed Rupert
 18002 | D:12     | Reached skill level 6 in Evocations
 18014 | D:12     | Reached skill level 15 in Unarmed Combat
 18384 | D:12     | Found a glowing golden altar of the Shining One.
 18517 | D:12     | Found Byruge Noeh's Assorted Antiques.
 18570 | D:12     | Found a roughly hewn altar of Beogh.
 18616 | D:12     | Bought a scroll of teleportation for 84 gold pieces
 19196 | D:13     | Reached XP level 15. HP: 85/85 MP: 20/20
 19217 | D:13     | Found Xitteloug's Assorted Antiques.
 20333 | D:14     | Found Firagad's Food Shoppe.
 20694 | D:14     | Found a gate to the Vaults.
 21166 | Orc:1    | Entered Level 1 of the Orcish Mines
 21294 | Orc:1    | Found a burning altar of Makhleb.
 21400 | Orc:2    | Entered Level 2 of the Orcish Mines
 21400 | Orc:2    | Found a staircase to the Elven Halls.
 21400 | Orc:2    | Noticed an orc warlord
 21424 | Orc:1    | HP: 14/85 [orc warlord/war axe of electrocution (17)]
 21424 | Orc:1    | HP: 3/85 [orc warlord/war axe of electrocution (11)]
 21428 | Orc:1    | Killed an orc warlord
 21428 | Orc:1    | Reached skill level 9 in Armour
 21429 | Orc:1    | HP: 5/85 [orc/mace[an orc warlord] (1)]
 22242 | Orc:1    | Reached skill level 13 in Fighting
 22729 | Orc:2    | Reached skill level 10 in Dodging
 22977 | Orc:2    | Found Gewerch's General Store.
 22977 | Orc:2    | Found Zetio's Antique Weapon Shoppe.
 22979 | Orc:2    | Found Oddiugur's General Store.
 22981 | Orc:2    | Found Ysihut's Food Boutique.
 22994 | Orc:2    | Bought a potion of haste for 110 gold pieces
 23438 | Orc:1    | Upgraded the game from 0.22-a0-367-gb72a975 to 0.22-a0-369-gc73351f
 23561 | D:15     | Entered Level 15 of the Dungeon
 23743 | Shoals:1 | Entered Level 1 of the Shoals
 23870 | Shoals:1 | Found Diulac's Weapon Boutique.
 23990 | Shoals:1 | Got a bloodstained chain mail
 23992 | Shoals:1 | Identified the +0 chain mail of the Centipede {rF+ rCorr Int+3} (You found it on level 1 of the Shoals)
 24065 | Shoals:1 | Noticed Kirke
 24129 | Shoals:1 | Killed Kirke
 24129 | Shoals:1 | Reached XP level 16. HP: 88/91 MP: 21/21
 24194 | Shoals:1 | Found Tagy's Tempting Trifles.
 24479 | Shoals:1 | Reached skill level 16 in Unarmed Combat
 24589 | Shoals:2 | Got a crude hunting sling
 24654 | Shoals:2 | Gained mutation: You cannot drink potions while threatened. [Ru sacrifice]
 24654 | Shoals:2 | Reached ****** piety under Ru
 24961 | Shoals:2 | HP: 15/91 [alligator snapping turtle (16)]
 25289 | Shoals:2 | Reached skill level 10 in Armour
 26129 | Shoals:3 | Identified the +7 hunting sling "Muphaopha" {freeze, *Slow rN+ MR+++ Int-2} (You found it on level 2 of the Shoals)
 26304 | Shoals:4 | Entered Level 4 of the Shoals
 26414 | Shoals:4 | Noticed a kraken
 26461 | Shoals:4 | HP: 14/92 [merfolk/spear (10)]
 26464 | Shoals:4 | Hit by a tomahawk thrown by a merfolk

Vault maps used:
D:1:      roderic_chinese_lattice_arrival, st_stairs_5
D:2:      kb_forest_paths, nicolae_overflow_crystal_walls,
          dancing_weapons_uskayaw, lemuel_coloured_pillars_altar, first_ration,
          st_stairs_7, uniq_natasha
D:3:      nicolae_ashenzari_panopticon, grunt_temple_overflow_cloverleaf
D:4:      dk_yredelemnul_ordeal, uniq_grinder
D:5:      kennysheep_little_box, temple_doors_e, serial_shops, shop
D:6:      grunt_temple_overflow_opulence, chei_slow_surprise
D:7:      cheibriados_altar_1, okawaru_metal_pillars_3, the_bakery,
          minmay_door_square, minmay_ruined_shrine
D:8:      serial_shops, shop, nicolae_ru_awakened_eye
D:9:      hiddenorc1_lemuel
D:11:     erik_lair_dragon, portal_ice_cave_entry_animals_and_master,
          dk_vineyard_3
D:12:     serial_shops, nicolae_shop_overgrown_old_shop, special_room,
          tso_metal_star, uniq_rupert
D:13:     serial_shops, nicolae_shop_statue_plus
D:14:     grunt_vaults_entry_tiered, serial_park_square1,
          serial_co_window_serial, co_window_paths_a, co_window_corner_a,
          co_window_corner_a, co_window_paths_a, co_window_of_opportunity_a,
          co_window_paths_a, co_window_paths_b, co_window_corner_a,
          co_window_corner_a, co_window_unsneaky_path_b, co_window_paths_c,
          co_window_2corner, co_window_corner_ca, co_window_unsneaky_path_a,
          glass_columns_b, glass_columns_b, glass_columns_b, glass_columns_a,
          glass_columns_c, serial_shops, nicolae_shop_behind_doors
D:15:     gammafunk_depths_entry_grave, minmay_strange_pillars, special_room,
          guppyfry_shop_earth
Lair:2:   dummy_snake_entry, serial_bayou_pond_e, lemuel_fruit_fields,
          grunt_megastairs_2
Lair:3:   elwin_shoals_entry_rocks, minmay_stone_trees_small,
          infiniplex_staircase_pool, grunt_megastairs_5
Lair:4:   beast_lair_carwin_large_2, lab_entry_generic, nzn_random_ring
Lair:5:   slime_altar_1, kilobyte_rumbling_trees
Lair:6:   evilmike_catoblepas_cave, small_statue_intersection
Shoals:1: nicolae_alphabet_shops, nicolae_shoals_c_island, uniq_kirke
Shoals:2: cheibrodos_shoals_epimethial_gifts
Shoals:4: shoals_end_grunt_ice, shoals_ilsuiw_ice, abandoned_shop,
          overgrown_hall
Orc:1:    basic_altar, nicolae_orc_crystal_geode
Orc:2:    st_orc_rangers, nicolae_orc_stony_grotto, minmay_orc_keep
Lab:      labyrinth_watery, nicolae_lab_quarters, nicolae_lab_big_swirl,
          nicolae_lab_diamond, labyrinth_lava_lair
IceCv:    ice_cave_caverns_01

Skill      XL: |  1  2  3  4  5  6  7  8  9 10 11 12 13 14 15 16 |
---------------+-------------------------------------------------+-----
Fighting       | 2 3 4 5 6 7 9 10 11 12 13 | 13.8
Unarmed Combat | 4 5 7 8 10 11 12 14 15 16 | 16.4
Dodging        | 3 4 5 7 8 9 10 | 10.9
Shields        | 1 2 0 |  0.0
Armour         | 2 4 6 7 8 9 10 | 10.3
Evocations     | 2 6 |  6.2
Throwing       | |  1.7

Action                   |  1- 3 |  4- 6 |  7- 9 | 10-12 | 13-15 | 16-18 || total
-------------------------+-------+-------+-------+-------+-------+-------++-------
Melee: Unarmed           |    89 |   153 |   270 |   831 |  1544 |   369 ||  3256
       Bite              |    19 |    47 |    91 |   320 |   670 |   142 ||  1289
       Punch             |     2 |     8 |     5 |       |       |       ||    15
Throw: Javelin           |       |       |       |       |   248 |       ||   248
Invok: Sacrifice a Hand  |       |       |     1 |       |       |       ||     1
       Sacrifice Arcana  |       |       |     1 |       |       |       ||     1
       Reject Sacrifices |       |       |       |     1 |     2 |       ||     3
       Draw Out Power    |       |       |       |     1 |     1 |       ||     2
       Sacrifice Essence |       |       |       |       |     1 |       ||     1
       Power Leap        |       |       |       |       |     1 |     1 ||     2
       Apocalypse        |       |       |       |       |     1 |       ||     1
       Sacrifice Drink   |       |       |       |       |       |     1 ||     1
Evoke: Wand              |       |       |     7 |     5 |     2 |     4 ||    18
       Lamp of fire      |       |       |       |       |       |     1 ||     1
  Use: Scroll            |       |     5 |     7 |    11 |    13 |     2 ||    38
       Potion            |       |       |       |       |     1 |       ||     1
 Stab: Sleeping          |     3 |       |       |       |       |       ||     3
       Distracted        |       |       |     2 |     2 |     6 |     1 ||    11
       Invisible         |       |       |     1 |       |    14 |     6 ||    21
       Petrified         |       |       |       |       |     6 |       ||     6
       Paralysed         |       |       |       |       |     1 |       ||     1
  Eat: Ration            |     1 |       |       |     1 |     3 |       ||     5
       Chunk             |       |     4 |    10 |    16 |    31 |     9 ||    70
Armor: Leather armour    |    22 |    16 |       |       |       |       ||    38
       Ring mail         |       |    25 |    14 |       |       |       ||    39
       Scale mail        |       |       |    53 |   226 |    51 |       ||   330
       Chain mail        |       |       |       |       |   167 |       ||   167
       Plate armour      |       |       |       |       |   347 |   197 ||   544
Dodge: Dodged            |    62 |    78 |   124 |   592 |  1282 |   314 ||  2452
Block: Other             |       |       |       |     2 |    19 |       ||    21

Table legend:
 A = Spawn XP
 B = Non-spawn XP
 C = Spawn XP percentage of total XP
 D = Spawn monster count
 E = Non-spawn monster count
 F = Spawn count percentage of total count
 G = Total turns spent on level
                    A         B        C        D         E        F      G
               +---------+---------+-------+---------+---------+-------+---------
         Total |       0 |  163189 |   0.0 |       0 |     850 |   0.0 | 26464
               +---------+---------+-------+---------+---------+-------+---------
           D:1 |       0 |      47 |   0.0 |       0 |      17 |   0.0 |   769
           D:2 |       0 |     114 |   0.0 |       0 |      20 |   0.0 |  1425
           D:3 |       0 |     193 |   0.0 |       0 |      21 |   0.0 |   822
           D:4 |       0 |    1052 |   0.0 |       0 |      22 |   0.0 |   657
           D:5 |       0 |     727 |   0.0 |       0 |      20 |   0.0 |   968
           D:6 |       0 |    1162 |   0.0 |       0 |      23 |   0.0 |   788
           D:7 |       0 |     882 |   0.0 |       0 |      20 |   0.0 |   864
           D:8 |       0 |    1858 |   0.0 |       0 |      23 |   0.0 |   671
           D:9 |       0 |    1664 |   0.0 |       0 |      39 |   0.0 |   793
          D:10 |       0 |    3103 |   0.0 |       0 |      32 |   0.0 |   602
          D:11 |       0 |    7260 |   0.0 |       0 |      56 |   0.0 |  1994
          D:12 |       0 |    7920 |   0.0 |       0 |      57 |   0.0 |   968
          D:13 |       0 |    2304 |   0.0 |       0 |      13 |   0.0 |   880
          D:14 |       0 |   16846 |   0.0 |       0 |      55 |   0.0 |  1412
        Lair:1 |       0 |    4457 |   0.0 |       0 |      20 |   0.0 |   710
        Lair:2 |       0 |    3131 |   0.0 |       0 |      13 |   0.0 |   793
        Lair:3 |       0 |    7649 |   0.0 |       0 |      32 |   0.0 |   987
        Lair:4 |       0 |    6795 |   0.0 |       0 |      22 |   0.0 |  1249
        Lair:5 |       0 |    8194 |   0.0 |       0 |      26 |   0.0 |  1177
        Lair:6 |       0 |   14447 |   0.0 |       0 |      39 |   0.0 |  1586
      Shoals:1 |       0 |   14198 |   0.0 |       0 |      27 |   0.0 |   790
      Shoals:2 |       0 |   14712 |   0.0 |       0 |      28 |   0.0 |   956
      Shoals:3 |       0 |   12206 |   0.0 |       0 |      25 |   0.0 |   815
      Shoals:4 |       0 |    3308 |   0.0 |       0 |       6 |   0.0 |   160
         Orc:1 |       0 |    5938 |   0.0 |       0 |      51 |   0.0 |  1234
         Orc:2 |       0 |    8181 |   0.0 |       0 |      88 |   0.0 |  1069
           Lab |       0 |    1208 |   0.0 |       0 |       1 |   0.0 |   123
         IceCv |       0 |   13633 |   0.0 |       0 |      54 |   0.0 |  1200
               +---------+---------+-------+---------+---------+-------+---------

Vault maps used:
D:1:      roderic_chinese_lattice_arrival, st_stairs_5
D:2:      kb_forest_paths, nicolae_overflow_crystal_walls,
          dancing_weapons_uskayaw, lemuel_coloured_pillars_altar, first_ration,
          st_stairs_7, uniq_natasha
D:3:      nicolae_ashenzari_panopticon, grunt_temple_overflow_cloverleaf
D:4:      dk_yredelemnul_ordeal, uniq_grinder
D:5:      kennysheep_little_box, temple_doors_e, serial_shops, shop
D:6:      grunt_temple_overflow_opulence, chei_slow_surprise
D:7:      cheibriados_altar_1, okawaru_metal_pillars_3, the_bakery,
          minmay_door_square, minmay_ruined_shrine
D:8:      serial_shops, shop, nicolae_ru_awakened_eye
D:9:      hiddenorc1_lemuel
D:11:     erik_lair_dragon, portal_ice_cave_entry_animals_and_master,
          dk_vineyard_3
D:12:     serial_shops, nicolae_shop_overgrown_old_shop, special_room,
          tso_metal_star, uniq_rupert
D:13:     serial_shops, nicolae_shop_statue_plus
D:14:     grunt_vaults_entry_tiered, serial_park_square1,
          serial_co_window_serial, co_window_paths_a, co_window_corner_a,
          co_window_corner_a, co_window_paths_a, co_window_of_opportunity_a,
          co_window_paths_a, co_window_paths_b, co_window_corner_a,
          co_window_corner_a, co_window_unsneaky_path_b, co_window_paths_c,
          co_window_2corner, co_window_corner_ca, co_window_unsneaky_path_a,
          glass_columns_b, glass_columns_b, glass_columns_b, glass_columns_a,
          glass_columns_c, serial_shops, nicolae_shop_behind_doors
D:15:     gammafunk_depths_entry_grave, minmay_strange_pillars, special_room,
          guppyfry_shop_earth
Lair:2:   dummy_snake_entry, serial_bayou_pond_e, lemuel_fruit_fields,
          grunt_megastairs_2
Lair:3:   elwin_shoals_entry_rocks, minmay_stone_trees_small,
          infiniplex_staircase_pool, grunt_megastairs_5
Lair:4:   beast_lair_carwin_large_2, lab_entry_generic, nzn_random_ring
Lair:5:   slime_altar_1, kilobyte_rumbling_trees
Lair:6:   evilmike_catoblepas_cave, small_statue_intersection
Shoals:1: nicolae_alphabet_shops, nicolae_shoals_c_island, uniq_kirke
Shoals:2: cheibrodos_shoals_epimethial_gifts
Shoals:4: shoals_end_grunt_ice, shoals_ilsuiw_ice, abandoned_shop,
          overgrown_hall
Orc:1:    basic_altar, nicolae_orc_crystal_geode
Orc:2:    st_orc_rangers, nicolae_orc_stony_grotto, minmay_orc_keep
Lab:      labyrinth_watery, nicolae_lab_quarters, nicolae_lab_big_swirl,
          nicolae_lab_diamond, labyrinth_lava_lair
IceCv:    ice_cave_caverns_01

Table legend:
 A = Turns spent in this place as a percentage of turns spent in the entire game.
 B = Non-inter-level travel turns spent in this place as a percentage of non-inter-level travel turns spent in the entire game.
 C = Inter-level travel turns spent in this place as a percentage of turns spent in this place.
 D = Turns resting spent in this place as a percentage of non-inter-level travel turns spent in this place.
 E = Turns spent auto-exploring this place as a percentage of non-inter-level travel turns spent in this place.
 F = Non-inter-level travel turns spent in this place divided by the number of levels of this place that you've seen.
                   A       B       C       D       E      F
               +-------+-------+-------+-------+-------+----------------------
         Total | 100.0 | 100.0 |   5.5 |  15.6 |  57.3 | 862.1
       Dungeon |  51.4 |  50.5 |   7.2 |  16.7 |  59.4 | 842.3
          Lair |  24.6 |  24.7 |   4.9 |   5.9 |  70.9 | 1030.5
        Shoals |  10.3 |  10.6 |   3.0 |  15.6 |  47.8 | 660.0
  Orcish Mines |   8.7 |   8.9 |   3.6 |  28.9 |  43.0 | 1110.5
     Labyrinth |   0.5 |   0.5 |   0.0 |   0.0 |   0.0 | 123.0
      Ice Cave |   4.5 |   4.8 |   0.0 |  30.5 |  19.2 | 1200.0
               +-------+-------+-------+-------+-------+----------------------

Table legend:
 A = Kills in this place as a percentage of kills in entire the game.
 B = Kills by you in this place as a percentage of kills by you in the entire game.
 C = Kills by friends in this place as a percentage of kills by friends in the entire game.
 D = Other kills in this place as a percentage of other kills in the entire game.
 E = Experience gained in this place as a percentage of experience gained in the entire game.
 F = Experience gained in this place divided by the number of levels of this place that you have seen.
                   A       B       C       D       E      F
               +-------+-------+-------+-------+-------+----------------------
         Total | 100.0 | 100.0 |   N/A | 100.0 | 100.0 | 5627.2
       Dungeon |  49.2 |  49.5 |   N/A |  33.3 |  27.7 | 3008.8
          Lair |  17.9 |  17.8 |   N/A |  20.0 |  27.4 | 7445.5
        Shoals |  10.1 |  10.1 |   N/A |  13.3 |  27.2 | 11106.0
  Orcish Mines |  16.4 |  16.2 |   N/A |  26.7 |   8.7 | 7059.5
     Labyrinth |   0.1 |   0.1 |   N/A |   0.0 |   0.7 | 1208.0
      Ice Cave |   6.4 |   6.3 |   N/A |   6.7 |   8.4 | 13633.0
               +-------+-------+-------+-------+-------+----------------------
